 Dungeon Crawl Stone Soup version 0.27.1-34-g3ba077fa99 (webtiles) character file.

Game seed: 12659111374770183163

167 MisterFreud the Magician (level 5, -8/37 HPs)
             Began as a Gnoll Wanderer on Jan 1, 2022.
             Was an Initiate of Ru.
             Killed by nerve-wracking pain
             ... invoked by an orc priest
              (11 damage)
             ... on level 3 of the Dungeon.
             The game lasted 00:03:15 (3435 turns).

MisterFreud the Magician (Gnoll Wanderer)           Turns: 3435, Time: 00:03:16

Health: -8/37      AC: 11    Str: 12    XL:     5   Next: 48%
Magic:  14/14      EV:  9    Int: 14    God:    Ru [......]
Gold:   178        SH:  0    Dex: 13    Spells: 17/18 levels left

rFire    . . .     SeeInvis .   a - +0 hand axe
rCold    . . .     Faith    .   (no shield)
rNeg     . . .     Spirit   .   b - +2 scale mail
rPois    .         Reflect  .   (no helmet)
rElec    .         Harm     .   h - +1 cloak
rCorr    .         Rampage  .   (no gloves)
Will     .....                  (no boots)
Stlth    ..........             (no amulet)
HPRegen  0.12/turn              l - ring of flight
MPRegen  0.14/turn              p - +6 ring of dexterity

@: flying
A: fangs 1, clumsy 1, strong nose, distributed training
a: Renounce Religion


You were on level 3 of the Dungeon.
You worshipped Ru.
Ru was noncommittal.
You visited 1 branch of the dungeon, and saw 3 of its levels.

You collected 178 gold pieces.

Inventory:

Hand Weapons
 a - a +0 hand axe (weapon)
Missiles
 e - 11 boomerangs
Armour
 b - a +2 scale mail (worn)
 h - a +1 cloak (worn)
Jewellery
 l - a ring of flight (left hand)
 p - a +6 ring of dexterity (right hand)
Scrolls
 c - 2 scrolls of teleportation {unknown}
 d - 5 scrolls of noise {unknown}
 i - 3 scrolls of identify {unknown}
 k - a scroll of enchant weapon {unknown}
 n - a scroll of amnesia {unknown}
Potions
 f - 2 potions of resistance {unknown}
 g - a potion of cancellation {unknown}
 j - 2 potions of attraction {unknown}
 m - a potion of curing {unknown}
 o - a potion of degeneration {unknown}
 q - a potion of heal wounds {unknown}


   Skills:
 + Level 1.5 Fighting
 + Level 1.5 Short Blades
 + Level 1.5 Long Blades
 + Level 6.7 Axes
 + Level 1.5 Maces & Flails
 + Level 1.5 Polearms
 + Level 1.5 Staves
 + Level 1.5 Slings
 + Level 1.5 Bows
 + Level 1.5 Crossbows
 + Level 1.5 Throwing
 + Level 4.8 Armour
 + Level 1.5 Dodging
 + Level 1.5 Stealth
 + Level 4.8 Shields
 + Level 1.5 Unarmed Combat
 + Level 7.3 Spellcasting
 + Level 1.2 Conjurations
 + Level 1.2 Hexes
 + Level 1.2 Summonings
 + Level 1.2 Necromancy
 + Level 1.2 Translocations
 + Level 1.2 Transmutations
 + Level 1.2 Fire Magic
 + Level 1.2 Ice Magic
 + Level 1.2 Air Magic
 + Level 1.2 Earth Magic
 + Level 1.2 Poison Magic
 + Level 1.7 Invocations
 + Level 1.5 Evocations


You had 17 spell levels left.
You knew the following spells:

 Your Spells              Type           Power      Damage    Failure   Level
a - Summon Small Mammal   Summ           32%        N/A       36%         1

Your spell library contained the following spells:

 Spells                   Type           Power      Damage    Failure   Level
 Gell's Gravitas          Tloc           4%         N/A       75%         3
 Lesser Beckoning         Tloc           4%         N/A       75%         3
 Stone Arrow              Conj/Erth      16%        3d8       75%         3
 Summon Guardian Golem    Hex/Summ       8%         N/A       75%         3
 Teleport Other           Tloc           8%         N/A       75%         3
 Bolt of Magma            Conj/Fire/Erth 4%         4d5       100%        5
 Shatter                  Erth           4%         3d7*      100%        9


Dungeon Overview and Level Annotations

Branches:
Dungeon (3/15)

Altars:
Ru
The Shining One


Innate Abilities, Weirdness & Mutations

You have very sharp teeth.
You are clumsy. (Dex -2)
Your uncanny sense of smell can sniff out nearby items.
Your experience applies equally to all skills.


Message History

Beogh smites you!
Unknown command.
You hit the orc.
The orc is heavily wounded.
You hit the adder.
You feel sick. The orc hits you but does no damage.
The adder barely misses you.
You hit the orc.
You kill the orc!
You closely miss the adder.
You feel sick. The adder bites you but does no damage.
You hit the orc priest.
The orc priest is moderately wounded.
You hit the adder.
You kill the adder!
You feel sick.
The kobold throws a poisoned dart.
The poisoned dart closely misses you.
The orc priest hits you but does no damage.
You slash the orc priest!
The orc priest is severely wounded.
You barely miss the orc.
You feel sick. The orc hits you but does no damage.
The orc priest closely misses you.
You hit the orc priest.
The orc priest is severely wounded.
You barely miss the orc.
You feel sick. The orc hits you with a +0 flail.
* * * LOW HITPOINT WARNING * * *
The orc priest hits you but does no damage.
Unknown command.
You closely miss the orc priest.
The orc priest is severely wounded.
You closely miss the orc.
You feel sick.
You are no longer poisoned.
The orc barely misses you.
The orc priest hits you with a +0 flail.
* * * LOW HITPOINT WARNING * * *
You barely miss the orc priest.
The orc priest is severely wounded.
You closely miss the orc. The orc barely misses you.
The orc priest calls down the wrath of Beogh upon you.
Pain shoots through your body!
You die...

####### ......# #####.# #
#<### ###### #####...#
#....# ..[.###.### #....#
..#.......###....#### #
._.####..........o..## ..
.......####..###@##..##...
.#.###.......###o##.......
##...##.........Ko...oo...
...#....###.....≈≈≈≈≈≈≈...
##.###### ##...≈≈≈≈≈≈.....
#.. ##..≈≈_....8... ###
#...≈≈≈≈≈≈...##
#.#..≈≈≈≈≈≈≈.#
...#............


You could see an orc priest, 2 orcs and a kobold.

Vanquished Creatures
  A jelly (D:3)
  3 adders
  4 gnolls
  5 orcs
  7 endoplasms
  4 giant cockroaches
  A goblin (D:2)
  3 hobgoblins
  2 jackals (D:1)
  3 quokkas
  10 ball pythons
  6 bats
  4 frilled lizards
  7 kobolds
  3 rats
63 creatures vanquished.

Notes
Turn   | Place    | Note
-------+----------+-------------------------------------------
     0 | D:1      | MisterFreud the Gnoll Wanderer began the quest for the Orb.
     0 | D:1      | MisterFreud set off with the following items: a +0 hand
                  | axe, a +2 scale mail; and the following spell memorised:
                  | Summon Small Mammal; and the following spells available to
                  | memorise: Summon Guardian Golem
     0 | D:1      | Reached XP level 1. HP: 13/13 MP: 8/8
   404 | D:1      | Reached XP level 2. HP: 19/19 MP: 10/10
  1100 | D:1      | Reached XP level 3. HP: 12/25 MP: 11/11
  1655 | D:2      | Reached skill level 1 in Invocations
  1671 | D:2      | Reached skill level 1 in Fighting
  1671 | D:2      | Reached skill level 1 in Short Blades
  1671 | D:2      | Reached skill level 1 in Long Blades
  1671 | D:2      | Reached skill level 1 in Maces & Flails
  1671 | D:2      | Reached skill level 1 in Polearms
  1671 | D:2      | Reached skill level 1 in Staves
  1671 | D:2      | Reached skill level 1 in Slings
  1671 | D:2      | Reached skill level 1 in Bows
  1671 | D:2      | Reached skill level 1 in Crossbows
  1671 | D:2      | Reached skill level 1 in Throwing
  1671 | D:2      | Reached skill level 1 in Dodging
  1671 | D:2      | Reached skill level 1 in Stealth
  1671 | D:2      | Reached skill level 1 in Unarmed Combat
  1671 | D:2      | Reached skill level 1 in Evocations
  1915 | D:2      | Reached XP level 4. HP: 32/32 MP: 13/13
  2564 | D:2      | Reached skill level 1 in Conjurations
  2564 | D:2      | Reached skill level 1 in Hexes
  2564 | D:2      | Reached skill level 1 in Summonings
  2564 | D:2      | Reached skill level 1 in Necromancy
  2564 | D:2      | Reached skill level 1 in Translocations
  2564 | D:2      | Reached skill level 1 in Transmutations
  2564 | D:2      | Reached skill level 1 in Fire Magic
  2564 | D:2      | Reached skill level 1 in Ice Magic
  2564 | D:2      | Reached skill level 1 in Air Magic
  2564 | D:2      | Reached skill level 1 in Earth Magic
  2564 | D:2      | Reached skill level 1 in Poison Magic
  2842 | D:3      | Found a faded altar of an unknown god.
  2854 | D:3      | Reached XP level 5. HP: 22/37 MP: 14/14
  2866 | D:3      | Became a worshipper of Ru the Awakened
  2870 | D:3      | Gained mutation: You are clumsy. (Dex -2) [Ru sacrifice]
  3406 | D:3      | Found a glowing golden altar of the Shining One.
  3435 | D:3      | Killed from afar by an orc priest

Illustrated notes

Levels and vault maps discovered:
D:1:      saegor_arrival_miasma, layout_basic
D:2:      cheibrodos_old_hovel, layout_loops_ring, minivault_26,
          minmay_tetromino_l4
D:3:      layout_rooms, mainiacjoe_overflow_catwalk,
          ebering_ecumenical_altar_abandoned, st_stairs_6

Skill      XL: |  1  2  3  4 |
---------------+-------------+-----
Invocations    | 1 |  1.7
Fighting       | 1 |  1.5
Short Blades   | 1 |  1.5
Long Blades    | 1 |  1.5
Maces & Flails | 1 |  1.5
Polearms       | 1 |  1.5
Staves         | 1 |  1.5
Slings         | 1 |  1.5
Bows           | 1 |  1.5
Crossbows      | 1 |  1.5
Throwing       | 1 |  1.5
Dodging        | 1 |  1.5
Stealth        | 1 |  1.5
Unarmed Combat | 1 |  1.5
Evocations     | 1 |  1.5
Conjurations   | 1 |  1.2
Hexes          | 1 |  1.2
Summonings     | 1 |  1.2
Necromancy     | 1 |  1.2
Translocations | 1 |  1.2
Transmutations | 1 |  1.2
Fire Magic     | 1 |  1.2
Ice Magic      | 1 |  1.2
Air Magic      | 1 |  1.2
Earth Magic    | 1 |  1.2
Poison Magic   | 1 |  1.2
Axes           | |  6.7
Armour         | |  4.8
Shields        | |  4.8
Spellcasting   | |  7.3

Action                   |  1- 3 |  4- 6 || total
-------------------------+-------+-------++-------
Melee: Hand axe          |   160 |   114 ||   274
       Bite              |     5 |     8 ||    13
Invok: Sacrifice Purity  |       |     1 ||     1
Armor: Scale mail        |    99 |    59 ||   158
Dodge: Dodged            |    77 |    47 ||   124
